 Dungeon Crawl Stone Soup version 0.29-a0-397-g846e4a0bbc (webtiles) character file.

Game seed: 18079667423924375372

842 deadleaves the Skirmisher (level 8, -3/70 HPs)
             Began as a Hill Orc Fighter on May 11, 2022.
             Slain by an orc warrior
             ... wielding a +0 battleaxe
              (14 damage)
             ... on level 5 of the Dungeon on May 12, 2022.
             The game lasted 00:13:30 (4903 turns).

deadleaves the Skirmisher (Hill Orc Fighter)        Turns: 4903, Time: 00:13:32

Health: -3/70      AC:  7    Str: 27    XL:     8   Next: 0%
Magic:  8/8        EV: 13    Int:  8    God:
Gold:   219        SH:  5    Dex: 10    Spells: 7/7 levels left

rFire   . . .      SeeInvis .   a - +0 war axe
rCold   . . .      Faith    .   c - +0 buckler
rNeg    . . .      Spirit   .   b - +0 scale mail
rPois   .          Reflect  .   (no helmet)
rElec   .          Harm     .   (no cloak)
rCorr   .          Rampage  .   (no gloves)
Will    .....                   (no boots)
Stlth   ..........              (no amulet)
HPRegen 0.21/turn               g - +4 ring of evasion
MPRegen 0.11/turn               n - +6 ring of strength

@: no status effects
A: no striking features
a: no special abilities


You were on level 5 of the Dungeon.
You visited 1 branch of the dungeon, and saw 7 of its levels.

You collected 331 gold pieces.
You spent 112 gold pieces at shops.

Inventory:

Hand Weapons
 a - a +0 war axe (weapon)
Missiles
 t - 6 atropa-tipped darts (quivered)
Armour
 b - a +0 scale mail (worn)
 c - a +0 buckler (worn)
Jewellery
 g - a +4 ring of evasion (left hand)
 n - a +6 ring of strength (right hand)
 y - a +4 ring of protection
Wands
 d - a wand of charming (8)
 h - a wand of iceblast (19)
 o - a wand of mindburst (19)
 v - a wand of flame (31)
 w - a wand of polymorph (10)
Scrolls
 f - 2 scrolls of amnesia
 i - a scroll of torment
 l - 4 scrolls of poison
 m - a scroll of fog
 r - a scroll of summoning
 s - a scroll of magic mapping {unknown}
 u - a scroll of teleportation {unknown}
 A - a scroll of enchant weapon {unknown}
Potions
 e - 3 potions of ambrosia
 j - 3 potions of magic
 k - 2 potions of curing
 p - 4 potions of cancellation
 q - a potion of haste
 x - a potion of might
 z - a potion of brilliance {unknown}


   Skills:
 - Level 5.7 Fighting
 - Level 5.2 Axes
 - Level 5.1 Armour
 - Level 0.3 Dodging
 - Level 5.1 Shields
 + Level 4.5 Evocations


You had 7 spell levels left.
You didn't know any spells.
Your spell library contained the following spells:

 Spells                   Type           Power      Damage    Failure   Level
 Ensorcelled Hibernation  Hex/Ice        0%         N/A       88%         2
 Conjure Flame            Conj/Fire      0%         6-21      98%         3
 Ignite Poison            Fire/Tmut/Pois 0%         N/A       98%         3
 Spider Form              Tmut/Pois      0%         N/A       98%         3
 Anguish                  Hex/Necr       0%         N/A       100%        4
 Sticky Flame             Conj/Fire      0%         2d3       100%        4


Dungeon Overview and Level Annotations

Branches:
Dungeon (7/15)             Temple (0/1) D:5

Altars:
Nemelex Xobeh

Shops:
D:3 *


Message History

What level of the Dungeon? (default 1, ? - help)
There is a stone staircase leading down here.
You climb downwards.
The adder hisses angrily.
The orc warrior shouts!
The orc shouts! x3
The orc closely misses you. The adder closely misses you.
The orc warrior hits you with a +0 battleaxe!!
Found a scroll labelled USTRIP GUOREJIO and a potion of curing.
Found two escape hatches in the ceiling.
There is a stone staircase leading up, spattered with blood here.
Welcome back, deadleaves the Hill Orc Fighter.
Press ? for a list of commands and other information.
You completely miss the adder. You closely miss the orc.
You hit the orc warrior. You barely miss the orc. You slash the orc!
You kill the orc!
You block the adder's attack. The orc hits you with a +0 short sword.
You block the orc warrior's attack. The orc hits you but does no damage.
The adder barely misses you. You block the orc's attack.
The orc barely misses you.
The orc warrior hits you with a +0 battleaxe!
You closely miss the orc warrior.
The orc warrior is lightly wounded.
You hit the orc. You miss the adder. You barely miss the orc.
The adder misses you. The orc barely misses you.
The orc warrior hits you with a +0 battleaxe!!
* * * LOW HITPOINT WARNING * * *
The orc hits you with a +0 dagger.
* * * LOW HITPOINT WARNING * * *
The adder barely misses you.
Okay, then.
Sorry, you're not good enough to have a special ability.
Unknown command.
Okay, then.
Okay, then.
Unknown command.
Aiming: Mindburst
Press: ? - help, Shift-Dir - straight line The orc warrior's mind is blasted!
You block the adder's attack. You block the orc's attack.
The orc warrior hits you with a +0 battleaxe!
You die...

##.......##.# .
#....<....#.#
#.#.8.....8!...
<..........#.#
#?..8.8.....#
#...........#
#.8.)So.8....
#...o@o...#
##.......##
##.....##
#######


You could see an orc warrior, an adder and 2 orcs.

Vanquished Creatures
  Edmund (D:4)
  Duvessa (D:4)
  A black bear (D:4)
  A kobold brigand (D:3)
  A necrophage (D:4)
  Dowan (D:4)
  The ghost of sammy202020 the Covered, a weakling MiFi (D:3)
  A crimson imp (D:4)
  2 jellies (D:4)
  Ijyb (D:4)
  2 iguanas
  3 adders
  A white imp (D:4)
  An ufetubus (D:5)
  A worm (D:1)
  4 orcs
  7 endoplasms
  2 giant cockroaches
  5 goblins
  12 hobgoblins
  7 jackals
  16 kobolds
  2 quokkas
  5 ball pythons
  4 bats
  3 frilled lizards
  6 rats
92 creatures vanquished.

Vanquished Creatures (others)
  6 plants
6 creatures vanquished.

Grand Total: 98 creatures vanquished

Notes
Turn   | Place    | Note
-------+----------+-------------------------------------------
     0 | D:1      | deadleaves the Hill Orc Fighter began the quest for the
                  | Orb.
     0 | D:1      | Reached XP level 1. HP: 19/19 MP: 1/1
   148 | D:1      | Found a faded altar of an unknown god.
   246 | D:1      | Reached XP level 2. HP: 20/27 MP: 2/2
  1223 | D:2      | Reached XP level 3. HP: 33/33 MP: 3/3
  2052 | D:3      | Reached XP level 4. HP: 41/41 MP: 4/4
  2166 | D:3      | Found a runed translucent gate.
  2166 | D:3      | Found a runed translucent gate.
  2166 | D:3      | Found a runed translucent gate.
  2167 | D:3      | Noticed sammy202020's ghost (weakling MiFi)
  2168 | D:3      | Noticed a kobold brigand
  2188 | D:3      | Killed sammy202020's ghost
  2193 | D:3      | Reached XP level 5. HP: 47/47 MP: 5/5
  2195 | D:3      | Killed a kobold brigand
  2308 | D:3      | Found Hiti's General Store.
  2314 | D:3      | Bought a scroll of noise for 14 gold pieces
  2314 | D:3      | Bought a potion of heal wounds for 70 gold pieces
  2314 | D:3      | Bought a scroll of identify for 28 gold pieces
  2433 | D:3      | Reached skill level 5 in Fighting
  2876 | D:3      | Reached XP level 6. HP: 28/56 MP: 6/6
  3157 | D:4      | Noticed Edmund
  3182 | D:4      | HP: 1/56 [Edmund/+2 flail of distortion (10)]
  3184 | D:4      | Killed Edmund
  3534 | D:4      | Reached skill level 5 in Axes
  3534 | D:4      | Reached skill level 5 in Armour
  3534 | D:4      | Reached skill level 5 in Shields
  3534 | D:4      | Reached XP level 7. HP: 53/61 MP: 7/7
  3571 | D:4      | Found a sparkling altar of Nemelex Xobeh.
  3817 | D:4      | Noticed Ijyb
  3851 | D:4      | Killed Ijyb
  3910 | D:4      | You fall into a shaft and drop 3 floors!
  3963 | D:5      | Entered Level 5 of the Dungeon
  4047 | D:5      | Found a staircase to the Ecumenical Temple.
  4322 | D:4      | Reached skill level 1 in Evocations
  4351 | D:4      | Noticed Duvessa
  4365 | D:4      | Noticed Dowan
  4366 | D:4      | Killed Duvessa
  4372 | D:4      | Killed Dowan
  4661 | D:4      | Reached XP level 8. HP: 69/70 MP: 8/8
  4903 | D:5      | Slain by an orc warrior

Illustrated notes

Levels and vault maps discovered:
D:1:      tarquinn_simple_flora_water_a, layout_basic,
          hellmonk_ecumenical_altar_pennies_from_heaven, nicolae_wormholes
D:2:      layout_basic, minmay_misc_feat_chi
D:3:      layout_loops_corners, gammafunk_ghost_nasty_kobolds, serial_shops,
          nicolae_shop_crystal
D:4:      layout_basic, nemelex_diamond_rough_becter, serial_bayou,
          serial_bayou_ford_a, serial_bayou_pond_e, serial_bayou_shore_b,
          serial_bayou_pond_e, corexii_corridor_pit, minmay_fire_ice_demons,
          uniq_edmund, uniq_duvessa, uniq_ijyb
D:5:      layout_loops_ring, minmay_temple_entry_glassed_door,
          grunt_ministairs_10, uniq_blork_the_orc
D:6:      layout_cave_pools, dk_yredelemnul_ordeal
D:7:      layout_cave_pods, gammafunk_ghost_split

Skill      XL: |  1  2  3  4  5  6  7 |
---------------+----------------------+-----
Fighting       | 4 5 |  5.7
Axes           | 3 4 5 |  5.2
Armour         | 4 5 |  5.1
Shields        | 4 5 |  5.1
Evocations     | 4 |  4.5
Dodging        | |  0.3

Action                   |  1- 3 |  4- 6 |  7- 9 || total
-------------------------+-------+-------+-------++-------
Melee: War axe           |   111 |    89 |    83 ||   283
Throw: Dart              |       |     2 |     3 ||     5
Evoke: Wand              |       |       |     1 ||     1
  Use: Scroll            |       |     7 |     4 ||    11
       Potion            |       |     3 |     1 ||     4
Armor: Scale mail        |    36 |    18 |    25 ||    79
       Skin              |       |     9 |       ||     9
Dodge: Dodged            |    63 |    58 |    71 ||   192
Block: Buckler           |    24 |    25 |    26 ||    75

Table legend: (Time is in decaauts)
 A = Elapsed time spent in this place.
 B = Non-inter-level travel time spent in this place.
 C = Inter-level travel time spent in this place.
 D = Time resting spent in this place.
 E = Time spent auto-exploring this place.
 F = Levels seen in this place.
 G = Mean time per level.
                   A        B        C        D        E       F      G
               +--------+--------+--------+--------+--------+-----+--------+
         Total |   4996 |   4845 |    151 |    393 |   3574 |   7 |  713.7 |
       Dungeon |   4996 |   4845 |    151 |    393 |   3574 |   7 |  713.7 |
               +--------+--------+--------+--------+--------+-----+--------+

Top non-repeatable levels by time:
     D:4: 1522 daAuts
     D:3: 1253 daAuts
     D:1: 1242 daAuts
     D:2: 663 daAuts
     D:5: 262 daAuts
     D:7: 46 daAuts
     D:6: 6 daAuts
